 Dungeon Crawl Stone Soup version 0.29-a0-352-g0917bc69df (webtiles) character file.

Game seed: 5087547333179044724

300543 Morbidden the Thaumaturge (level 20, -7/156 HPs)
             Began as a Demonspawn Air Elementalist on Apr 24, 2022.
             Was the Champion of Cheibriados.
             Mangled by a +2 glaive of venom (19 damage)
             ... animated by Zenata
             ... on level 1 of the Vaults.
             The game lasted 01:31:43 (49579 turns).

Morbidden the Thaumaturge (DsAE)                   Turns: 49579, Time: 01:31:43

Health: -7/156     AC: 29    Str: 25    XL:     20   Next: 17%
Magic:  36/38      EV: 20    Int: 44    God:    Cheibriados [******]
Gold:   2153       SH:  0    Dex: 30    Spells: 6/48 levels left

rFire   + . .      SeeInvis +   W - +12 pair of quick blades "Gyre" and "Gimble" {protect}
rCold   . . .      Faith    .   (shield currently unavailable)
rNeg    . . .      Spirit   .   r - +9 plate armour of the Lizard {rElec rF+}
rPois   .          Reflect  .   U - +2 helmet
rElec   +          Harm     .   Q - +0 cloak
rCorr   .          Rampage  .   D - +0 pair of gloves
Will    +....                   (no boots)
Stlth   ..........              m - amulet of regeneration
HPRegen 1.16/turn               l - ring of see invisible
MPRegen 0.26/turn               K - +4 ring of evasion

@: studying 2 skills, very slow
A: hooves 2, spiny 3, big brain 3, demonic magic 1, bedeviling
}: 2/15 runes: decaying, gossamer
a: Renounce Religion, Bend Time, Temporal Distortion, Slouch, Step From Time


You were on level 1 of the Vaults.
You worshipped Cheibriados.
Cheibriados was exalted by your worship.
You visited 8 branches of the dungeon, and saw 36 of its levels.
You also visited: Ossuary and Ice Cave.

You collected 4333 gold pieces.
You spent 2180 gold pieces at shops.

Inventory:

Hand Weapons
 s - the +11 quarterstaff "Fuziz" {flame, Str+2}
   (You found it on level 3 of the Dungeon)

   It burns those it strikes, dealing additional fire damage.
   Str:       It affects your strength (+2).
 W - the +12 pair of quick blades "Gyre" and "Gimble" (weapon) {protect}
   (You found it on level 10 of the Dungeon)

   It grants its wielder temporary protection when it strikes (+7 to AC).
Missiles
 c - 59 poisoned darts (quivered)
 v - 31 boomerangs
 w - 6 curare-tipped darts
 B - 3 throwing nets
Armour
 r - the +9 plate armour of the Lizard (worn) {rElec rF+}
   (You bought it in a shop on level 2 of the Orcish Mines)

   rF:        It protects you from fire.
   rElec:     It insulates you from electricity.
 u - +0 swamp dragon scales
 D - a +0 pair of gloves (worn)
 Q - a +0 cloak (worn)
 U - a +2 helmet (worn)
 X - a +2 plate armour of cold resistance
 Y - a +0 crystal plate armour
Jewellery
 l - a ring of see invisible (left hand)
 m - an amulet of regeneration (around neck)
 p - the ring "Suikuzul" {Fly rC- rN++ Str+6}
   (You found it on level 7 of the Dungeon)

   [ring of flight]

   Str:       It affects your strength (+6).
   rC:        It makes you vulnerable to cold.
   rN:        It greatly protects you from negative energy.
   Fly:       It grants you flight.
 y - a ring of protection from cold
 G - the ring "Zarheut" {Fly Int+6}
   (You found it in an ice cave)

   [ring of intelligence]

   Int:       It affects your intelligence (+6).
   Fly:       It grants you flight.
 K - a +4 ring of evasion (right hand)
Wands
 a - a wand of iceblast (27)
 J - a wand of acid (14)
 M - a wand of paralysis (16)
 P - a wand of mindburst (16)
 S - a wand of flame (53)
 T - a wand of digging (15)
Scrolls
 d - 3 scrolls of brand weapon
 g - 14 scrolls of teleportation
 h - 5 scrolls of enchant armour
 j - 3 scrolls of magic mapping
 q - 15 scrolls of identify
 t - a scroll of fog
 H - 7 scrolls of immolation
 O - 2 scrolls of enchant weapon
 Z - 4 scrolls of amnesia
Potions
 b - 6 potions of magic
 f - 7 potions of resistance
 i - 14 potions of mutation
 k - 15 potions of curing
 n - 6 potions of lignification
 o - 6 potions of might
 x - 5 potions of flight
 z - 5 potions of cancellation
 E - 5 potions of berserk rage
 F - 5 potions of attraction
 L - 4 potions of brilliance
 N - 5 potions of ambrosia
 V - 3 potions of invisibility
Miscellaneous
 e - a phantom mirror (inert)
 A - a lightning rod (4/4)


   Skills:
 * Level 13.1 Fighting
 * Level 10.9 Short Blades
 + Level 6.0 Staves
 + Level 1.2 Throwing
 * Level 10.1 Armour
 * Level 10.0 Dodging
 * Level 5.2 Stealth
 + Level 0.2 Unarmed Combat
 * Level 14.7 Spellcasting
 * Level 10.9 Conjurations
 * Level 8.8 Transmutations
 * Level 13.8 Air Magic
 + Level 0.9 Earth Magic
 + Level 12.1 Invocations
 * Level 6.3 Evocations


You had 6 spell levels left.
You knew the following spells:

 Your Spells              Type           Power      Damage    Failure   Level
a - Airstrike             Air            50%        N/A       1%          4
b - Static Discharge      Conj/Air       96%        N/A       1%          2
c - Shock                 Conj/Air       100%       1d9       1%          1
d - Chain Lightning       Conj/Air       48%        3d64      100%        9
e - Storm Form            Tmut/Air       46%        N/A       26%         7
s - Statue Form           Tmut/Erth      44%        N/A       54%         6
x - Maxwell's Capacitive  Air            50%        ∞         56%         8
z - Irradiate             Conj/Tmut      44%        3d28      1%          5

Your spell library contained the following spells:

 Spells                   Type           Power      Damage    Failure   Level
 Beastly Appendage        Tmut           100%       N/A       1%          1
 Magic Dart               Conj           100%       1d8       1%          1
 Sting                    Tmut/Pois      100%       1d8       1%          1
 Passwall                 Tmut/Erth      55%        N/A       1%          2
 Poisonous Vapours        Pois/Air       100%       N/A       1%          2
 Searing Ray              Conj           100%       2d8       1%          2
 Wereblood                Tmut           84%        N/A       1%          2
 Spider Form              Tmut/Pois      64%        N/A       1%          3
 Stone Arrow              Conj/Erth      100%       3d13      1%          3
 Swiftness                Air            100%       N/A       1%          3
 Summon Lightning Spire   Summ/Air       75%        N/A       1%          4
 Sandblast                Erth           80%        2d17      2%          1
 Blade Hands              Tmut           42%        N/A       2%          5
 Animate Skeleton         Necr           64%        N/A       3%          1
 Apportation              Tloc           64%        N/A       3%          1
 Pain                     Necr           100%       1d9       3%          1
 Slow                     Hex            100%       N/A       3%          1
 Summon Small Mammal      Summ           100%       N/A       3%          1
 Flame Wave               Conj/Fire      69%        2d13      3%          4
 Fulminant Prism          Conj/Hex       44%        3d20      3%          4
 Freezing Cloud           Conj/Ice/Air   40%        6-21      3%          5
 Conjure Ball Lightning   Conj/Air       48%        3x3d17    3%          6
 Petrify                  Tmut/Erth      66%        N/A       4%          4
 Ensorcelled Hibernation  Hex/Ice        96%        N/A       5%          2
 Scorch                   Fire           64%        2d8       5%          2
 Sublimation of Blood     Necr           32%        N/A       5%          2
 Ice Form                 Ice/Tmut       64%        N/A       6%          4
 Call Canine Familiar     Summ           32%        N/A       11%         3
 Confusing Touch          Hex            48%        N/A       11%         3
 Gell's Gravitas          Tloc           32%        N/A       11%         3
 Lesser Beckoning         Tloc           32%        N/A       11%         3
 Ozocubu's Armour         Ice            32%        N/A       11%         3
 Summon Guardian Golem    Hex/Summ       48%        N/A       11%         3
 Teleport Other           Tloc           32%        N/A       11%         3
 Vampiric Draining        Necr           32%        2d8       11%         3
 Animate Armour           Summ/Erth      72%        N/A       26%         4
 Anguish                  Hex/Necr       24%        N/A       32%         4
 Cause Fear               Hex            24%        N/A       32%         4
 Olgreb's Toxic Radiance  Pois           32%        N/A       32%         4
 Iron Shot                Conj/Erth      35%        9d7       41%         6
 Borgnjor's Vile Clutch   Necr/Erth      18%        N/A       58%         5
 Eringya's Noxious Bog    Tmut/Pois      32%        N/A       61%         6
 Summon Forest            Summ/Tloc      16%        N/A       65%         5
 Simulacrum               Ice/Necr       16%        N/A       99%         6
 Summon Cactus Giant      Summ           16%        N/A       99%         6
 Dragon Form              Tmut           42%        N/A       56%         7
 Ozocubu's Refrigeration  Ice            16%        4d8       100%        7
 Summon Hydra             Summ           16%        N/A       100%        7
 Dragon's Call            Summ           16%        N/A       100%        9
 Polar Vortex             Ice            16%        N/A       100%        9
 Shatter                  Erth           20%        3d18*     100%        9


Dungeon Overview and Level Annotations

Branches:
Dungeon (15/15)            Temple (1/1) D:6            Lair (6/6) D:11
  Swamp (4/4) Lair:3       Spider (4/4) Lair:3        Slime (0/5) Lair:5
    Orc (2/2) D:10            Elf (3/3) Orc:2        Vaults (1/5) D:14
 Depths (0/4) D:15        Ossuary (visited)           IceCv (visited)

Altars:
Ashenzari
Cheibriados
Dithmenos
Elyvilon
Fedhas
Gozag
Hepliaklqana
Kikubaaqudgha
Makhleb
Nemelex Xobeh
Okawaru
Qazlal
Ru
Sif Muna
Trog
Uskayaw
Vehumet
Wu Jian
Xom
Yredelemnul
Zin
The Shining One
Beogh

Shops:
D:2 [   Orc:2 =[*:   Elf:3 :

Portals:
Abyss: D:11
Trove: D:14 (show slimy rune of Zot)

Annotations:
D:6 exclusion: door
D:11 2 transporters, Gnollga's ghost, journeyman GnFi
D:15 3 runed translucent doors
Lair:1 2 transporters, Jecraria's ghost, journeyman HuIE
Elf:2 3 runed translucent doors
Elf:3 exclusion: 5 doors
Vaults:1 Zenata


Innate Abilities, Weirdness & Mutations

You have hoof-like feet.
You are completely covered in sharp spines.
You have an absolutely massive brain. (Int +6, Wiz)
Spells you cast may paralyse adjacent enemies.
Your hexes are more powerful.


Message History

The +6 vorpal battleaxe hits your orc knight!
Your orc knight dies!
Your orc knight's corpse dissolves into shadows!
The +6 vorpal battleaxe hits your orc warlord.
The +6 vorpal battleaxe hits your ironbound thunderhulk!!
Your orc warlord misses the +6 vorpal battleaxe.
The +2 glaive of venom hits you from afar.
* * * LOW HITPOINT WARNING * * *
Okay, then.
Okay, then.
As you read the scroll of summoning, it crumbles to dust.
Wisps of shadow whirl around you...
The +2 glaive of venom completely misses you.
Your orc knight shoots a bolt.
The bolt hits Zenata!
Your orc knight hits Zenata with a +0 battleaxe!
Unknown command.
Unknown command.
Unknown command.
Unknown command.
Unknown command.
Unknown command.
You swap places.
The +6 vorpal battleaxe hits your yaktaur captain!!
The +6 vorpal battleaxe hits your orc knight!
The +6 vorpal battleaxe hits your orc warlord.
The +6 vorpal battleaxe hits your ironbound thunderhulk!
Your ironbound thunderhulk dies!
Your ironbound thunderhulk's corpse dissolves into shadows!
The +2 glaive of venom hits you from afar!
* * * LOW HITPOINT WARNING * * *
The +6 vorpal battleaxe hits your yaktaur captain!
The +6 vorpal battleaxe hits your orc warlord!!
The +6 vorpal battleaxe hits your orc knight!!
Your orc knight unwields a +0 arbalest.
Your orc knight wields a +1 great sword.
Your orc knight hits the +6 vorpal battleaxe with a +1 great sword!!
The +6 vorpal battleaxe is destroyed!
The +6 vorpal battleaxe disappears in a puff of smoke!
The +2 glaive of venom hits you from afar!!
You die...

..#..............
#..............
#.......#'####
#.......# ..
#...o...# ..
#.c..a..# .
#..oo§(.#
#..coc..#
#....@..#
#......p#######
#.....cc.......
#..............
#......########
#......# #......#
#......# #......#


You could see Zenata (distracted, ally target), a +2 glaive of venom (summoned,
fast, ally target), a friendly orc warlord (summoned, strong), a friendly
yaktaur captain (summoned), 3 friendly orc knights, a friendly ironbound
convoker (summoned) and 4 friendly yaktaurs.

Vanquished Creatures
  Arachne (Spider:3)
  Jorgrun (Orc:2)
  Mlioglotl (Swamp:4)
  The ghost of Olga the Fey Hill Orc, an adept HOFi of Yredelemnul (Elf:3)
  Frances (Swamp:1)
  Kirke (Spider:1)
  Agnes (Spider:3)
  2 azure jellies (IceCv)
  A fenstrider witch (Swamp:3)
  A deep elf sorcerer (Elf:1)
  6 ghost moths
  A vault warden (D:14)
  An orc warlord (D:14)
  5 emperor scorpions
  2 ironbound preservers (Vaults:1)
  A quicksilver ooze (IceCv)
  A broodmother (Spider:4)
  An entropy weaver (Spider:3)
  4 eleionomae
  3 bunyips
  3 deep elf annihilators
  2 spark wasps
  The ghost of Zoraivy the Severer, a journeyman DDFi of Elyvilon (Lair:5)
  An ettin (Orc:2)
  A yaktaur captain (Vaults:1)
  2 shambling mangroves
  Josephine (D:15)
  A great orb of eyes (Vaults:1)
  An ogre mage (D:15)
  Erolcha (Orc:2)
  11 boulder beetles
  29 hydras
  2 jorogumos
  5 ghost crabs
  2 radroaches (Spider:1)
  4 catoblepae
  9 centaur warriors
  5 two-headed ogres
  A tengu warrior (D:14)
  16 dancing weapons
  4 alligators
  2 orc high priests
  10 deep elf knights
  8 spriggans
  3 pharaoh ants
  3 skeletal warriors (D:13)
  A sun moth (Spider:3)
  5 goliath frogs
  7 deep trolls (Vaults:1)
  6 spriggan druids
  3 steelbarb worms
  7 orb spiders (Spider:4)
  15 deep elf archers
  7 swamp dragons
  Pikel (D:5)
  An ironbound convoker (Vaults:1)
  An orange crystal statue (D:15)
  8 bog bodies
  A necromancer (D:15)
  3 lindwurms (Vaults:1)
  A wizard (Elf:1)
  30 deep elf pyromancers
  14 orc knights
  6 orc sorcerers
  26 deep elf zephyrmancers
  A wolf spider zombie (D:15)
  5 will-o-the-wisps (Swamp:4)
  19 ugly things
  13 wolf spiders
  5 moths of wrath
  An oklob plant (Lair:6)
  3 cyclopes
  11 elephants
  3 ice statues (IceCv)
  Maurice (D:9)
  2 vault sentinels (Vaults:1)
  10 black mambas
  Maggie (Lair:2)
  A guardian serpent (Lair:6)
  A centaur skeleton (D:15)
  2 naga magi (D:15)
  2 torpor snails (Lair:6)
  4 kobold demonologists
  A komodo dragon (shapeshifter) (D:13)
  21 cane toads
  An unseen horror (D:11)
  2 rime drakes
  3 tengu conjurers
  6 komodo dragons
  9 yaktaurs
  5 demonic crawlers
  2 efreet
  2 entropy weaver simulacra (IceCv)
  3 meliai (D:14)
  5 trolls
  9 polar bears (Lair:6)
  25 tarantellas
  10 tyrant leeches
  15 hornets
  A snapping turtle (shapeshifter) (Elf:3)
  2 raiju (Lair:6)
  15 slime creatures
  15 dream sheep
  24 culicivoras
  19 blink frogs
  A centaur simulacrum (D:15)
  2 air elementals
  7 wraiths
  A vampire (D:13)
  A shadow (D:11)
  18 jumping spiders
  A water elemental (Elf:3)
  45 yaks
  10 wyverns
  A hog (Spider:1)
  39 redbacks
  A redback simulacrum (D:15)
  4 fire elementals (Elf:3)
  8 basilisks
  A warg (shapeshifter) (D:13)
  15 vampire mosquitoes
  10 wargs
  4 acid dragons
  13 hell hounds (Lair:6)
  14 swamp worms
  20 water moccasins
  Duvessa (D:6)
  3 demonic crawler simulacra (IceCv)
  A meliai simulacrum (D:15)
  11 swamp drakes
  A swamp drake (shapeshifter) (D:14)
  11 black bears
  50 orc warriors
  2 ugly thing simulacra (IceCv)
  7 ogres
  3 boggarts
  32 wolves
  13 centaurs
  12 kobold brigands
  2 necrophages (D:6)
  8 bullfrogs
  A two-headed ogre simulacrum (Orc:2)
  A scorpion (D:5)
  A cane toad simulacrum (Orc:2)
  4 glowing shapeshifter simulacra (IceCv)
  3 earth elementals
  10 wights
  Dowan (D:6)
  10 killer bees
  3 electric eels
  A vampire bat (Lair:2)
  4 howler monkeys
  3 hounds
  A jelly (D:7)
  33 orc priests
  2 gnoll shamans
  2 iguanas
  45 orc wizards
  4 troll simulacra (Orc:2)
  A mummy (Ossuary)
  24 gnolls
  6 adders
  2 naga simulacra (Orc:2)
  5 white imps
  2 worms (D:2)
  A dart slug (D:5)
  102 orcs
  4 ball pythons
  17 bats
  8 endoplasms
  A giant cockroach (D:1)
  31 goblins
  28 hobgoblins
  4 jackals (D:1)
  4 quokkas
  A frilled lizard (D:2)
  6 gnoll skeletons (Ossuary)
  19 kobolds
  4 kobold skeletons (Ossuary)
  15 orc skeletons (Ossuary)
  9 rats
  A fungus (Lair:5)
1384 creatures vanquished.

Vanquished Creatures (collateral kills)
  An orc warlord (Orc:1)
  An ironbound preserver (Vaults:1)
  An ironbound frostheart (Vaults:1)
  2 deep trolls (Vaults:1)
  2 lindwurms (Vaults:1)
  2 ugly things (D:15)
  A vault sentinel (Vaults:1)
  2 cane toads (Lair:1)
  A rime drake (Lair:1)
  A freezing wraith (D:15)
  4 yaktaurs (Vaults:1)
  3 yaks (Lair:1)
  6 orc warriors (Orc:1)
  An orc (Orc:2)
28 creatures vanquished.

Vanquished Creatures (others)
  Roxanne (Spider:4)
  A deep elf zephyrmancer (Elf:1)
  3 bloated husks
  A human (Spider:1)
  A swamp worm (Swamp:3)
  A glowing shapeshifter simulacrum (IceCv)
  An orc wizard (Orc:1)
  A bush (Lair:6)
  2 foxfires (Swamp:4)
  47 fungi
  85 plants
  9 toadstools (D:6)
153 creatures vanquished.

Grand Total: 1565 creatures vanquished

Notes
Turn   | Place    | Note
-------+----------+-------------------------------------------
     0 | D:1      | Morbidden the Demonspawn Air Elementalist began the quest
                  | for the Orb.
     0 | D:1      | Reached XP level 1. HP: 13/13 MP: 3/3
   119 | D:1      | Gained mutation: You are partially covered in sharp spines.
                  | [demonic ancestry]
   119 | D:1      | Reached XP level 2. HP: 8/19 MP: 0/5
   312 | D:1      | Found a faded altar of an unknown god.
   443 | D:1      | Learned a level 2 spell: Static Discharge
   681 | D:1      | Gained mutation: You have large cloven feet. [demonic
                  | ancestry]
   681 | D:1      | Reached XP level 3. HP: 19/24 MP: 1/6
  1270 | D:2      | Reached skill level 1 in Fighting
  1468 | D:2      | Found Akyidet's Armour Shoppe.
  1735 | D:2      | Gained mutation: You have an unusually large brain. (Int
                  | +2) [demonic ancestry]
  1735 | D:2      | Reached XP level 4. HP: 16/32 MP: 0/7
  2271 | D:2      | Found a hide-covered altar of Uskayaw.
  2469 | D:2      | Learned a level 4 spell: Airstrike
  2649 | D:3      | Identified the +11 quarterstaff "Fuziz" {flame, Str+2}
  3035 | D:3      | Noticed a kobold brigand
  3040 | D:3      | Killed a kobold brigand
  3041 | D:3      | Reached skill level 3 in Spellcasting
  3041 | D:3      | Reached XP level 5. HP: 8/38 MP: 6/9
  3042 | D:3      | Found a hazy altar of Hepliaklqana.
  3717 | D:3      | Reached XP level 6. HP: 39/44 MP: 7/10
  3988 | D:3      | Found a basalt altar of Yredelemnul.
  3990 | D:3      | Noticed a profane servitor
  3996 | D:3      | Noticed an angel
  4289 | D:4      | Reached skill level 1 in Staves
  4908 | D:4      | Gained mutation: You have an extremely huge brain. (Int +4)
                  | [demonic ancestry]
  4908 | D:4      | Reached XP level 7. HP: 39/51 MP: 12/12
  5571 | D:4      | Reached skill level 4 in Spellcasting
  6175 | D:5      | Entered Level 5 of the Dungeon
  6743 | D:5      | Noticed Pikel
  6757 | D:5      | Reached XP level 8. HP: 49/58 MP: 9/15
  6834 | D:5      | Killed Pikel
  6835 | D:5      | Reached skill level 5 in Spellcasting
  6835 | D:5      | Reached skill level 5 in Air Magic
  8462 | D:6      | Noticed Dowan
  8620 | D:6      | Noticed Duvessa
  8625 | D:6      | Killed Duvessa
  8626 | D:6      | Gained mutation: You have hoof-like feet. [demonic
                  | ancestry]
  8626 | D:6      | Reached XP level 9. HP: 55/65 MP: 13/17
  8634 | D:6      | Killed Dowan
  8764 | D:6      | Found an iron altar of Okawaru.
  8818 | D:6      | Reached skill level 6 in Spellcasting
  8944 | D:6      | Found a staircase to the Ecumenical Temple.
  9086 | Temple   | Entered the Ecumenical Temple
  9353 | Temple   | Became a worshipper of Cheibriados the Contemplative
  9661 | D:6      | Reached skill level 1 in Invocations
  9763 | D:7      | Identified the ring "Suikuzul" {Fly rC- rN++ Str+6}
  9842 | D:7      | Found a stormy altar of Qazlal.
  9853 | D:7      | Found a sparkling altar of Nemelex Xobeh.
 10013 | D:7      | Found a radiant altar of Vehumet.
 10137 | D:7      | Reached * piety under Cheibriados
 10344 | D:7      | Got Sif Muna's Grimoire of Floating Changing
 10593 | D:7      | Learned a level 5 spell: Irradiate
 10629 | D:8      | Found a sand-covered staircase.
 10634 | Ossuary  | Entered an ossuary
 10689 | Ossuary  | Reached ** piety under Cheibriados
 10690 | Ossuary  | Reached skill level 5 in Staves
 10690 | Ossuary  | Reached skill level 5 in Conjurations
 10825 | D:8      | Reached skill level 1 in Armour
 11083 | D:8      | Noticed a deep elf pyromancer
 11087 | D:8      | Killed a deep elf pyromancer
 11088 | D:8      | Reached skill level 1 in Transmutations
 11088 | D:8      | Gained mutation: You are mostly covered in sharp spines.
                  | [demonic ancestry]
 11088 | D:8      | Reached XP level 10. HP: 68/73 MP: 19/19
 11269 | D:7      | Reached *** piety under Cheibriados
 12341 | D:9      | Noticed Maurice
 12346 | D:9      | Killed Maurice
 12347 | D:9      | Reached skill level 5 in Fighting
 12347 | D:9      | Reached skill level 7 in Spellcasting
 12851 | D:10     | Entered Level 10 of the Dungeon
 13274 | D:10     | Reached **** piety under Cheibriados
 13570 | D:10     | Found a staircase to the Orcish Mines.
 13638 | D:10     | Found the +12 pair of quick blades "Gyre" and "Gimble"
                  | {protect}
 13833 | D:11     | Found a transporter.
 13833 | D:11     | Found a staircase to the Lair.
 13838 | D:11     | Reached skill level 1 in Short Blades
 14004 | D:11     | Noticed a two-headed ogre
 14127 | D:11     | Reached XP level 11. HP: 80/80 MP: 22/22
 14183 | D:11     | Killed a two-headed ogre
 14367 | D:11     | Found a one-way gate to the infinite horrors of the Abyss.
 14367 | D:11     | Noticed Gnollga's ghost (journeyman GnFi)
 14379 | D:11     | Found the +8 demon trident "Rift" {distort, reach+}
 14384 | D:11     | Found a transporter.
 14538 | Lair:1   | Entered Level 1 of the Lair of Beasts
 14542 | Lair:1   | Reached skill level 5 in Dodging
 14566 | Lair:1   | Reached ***** piety under Cheibriados
 14592 | Lair:1   | Noticed a seven-headed hydra
 14598 | Lair:1   | Killed a seven-headed hydra
 14599 | Lair:1   | Reached skill level 5 in Invocations
 14730 | Lair:1   | Reached skill level 8 in Spellcasting
 14740 | Lair:1   | Reached skill level 1 in Throwing
 14868 | Lair:1   | Noticed a seven-headed hydra
 14873 | Lair:1   | Noticed Jecraria's ghost (journeyman HuIE)
 14886 | Lair:1   | Found a transporter.
 14889 | Lair:1   | Found a transporter.
 15336 | Lair:2   | Reached XP level 12. HP: 62/88 MP: 24/24
 15365 | Lair:2   | Reached skill level 5 in Short Blades
 15505 | Lair:2   | Noticed a six-headed hydra
 15511 | Lair:2   | Killed a six-headed hydra
 15513 | Lair:2   | Reached ****** piety under Cheibriados
 15709 | Lair:2   | Noticed Maggie
 15721 | Lair:2   | Killed Maggie
 16244 | D:2      | Bought a +2 plate armour of cold resistance for 480 gold
                  | pieces
 16590 | Lair:3   | Found a hole to the Spider Nest.
 16936 | Lair:3   | Got Bogur's Guide on Weightlessness
 17727 | Lair:3   | Found a staircase to the Swamp.
 18089 | Lair:4   | Noticed a six-headed hydra
 18095 | Lair:4   | Killed a six-headed hydra
 18430 | Lair:4   | Reached skill level 9 in Spellcasting
 18443 | Lair:4   | Found a hide-covered altar of Uskayaw.
 18487 | Lair:4   | Reached XP level 13. HP: 95/96 MP: 26/26
 19117 | Lair:5   | Found a staircase to the Slime Pits.
 19136 | Lair:5   | Found a runed translucent door.
 19136 | Lair:5   | Noticed Zoraivy's ghost (journeyman DDFi)
 19846 | Lair:5   | Killed Zoraivy's ghost
 19870 | Lair:6   | Entered Level 6 of the Lair of Beasts
 19885 | Lair:6   | Reached skill level 5 in Armour
 19893 | Lair:6   | Reached skill level 5 in Transmutations
 20569 | Lair:6   | Reached XP level 14. HP: 96/105 MP: 22/27
 21106 | Lair:6   | Identified the +7 rapier of the Usurping Bear {venom, rC+
                  | Int-5 Dex+3 Stlth+}
 22192 | Lair:6   | Reached skill level 10 in Spellcasting
 22280 | Lair:6   | Identified the +1 robe "Ham Gia" {Rampage SInv}
 24642 | D:14     | Reached skill level 1 in Evocations
 24660 | D:14     | Gained mutation: Your hexes are more powerful. [demonic
                  | ancestry]
 24660 | D:14     | Reached XP level 15. HP: 74/113 MP: 18/29
 25117 | D:14     | Identified the +5 long sword "Guefy" {venom, Str+4 Int+3
                  | Dex+4 Stlth+}
 25361 | D:14     | Reached skill level 10 in Air Magic
 25513 | D:14     | Found a gate to the Vaults.
 25607 | D:14     | Found a portal to a secret trove of treasure.
 25976 | D:15     | Entered Level 15 of the Dungeon
 26078 | D:15     | Found a runed translucent door.
 26089 | D:15     | Found a runed translucent door.
 26357 | D:15     | Found a runed translucent door.
 26377 | D:15     | Found a runed translucent door.
 26576 | D:15     | Noticed Josephine
 26591 | D:15     | Killed Josephine
 26885 | D:15     | Found a staircase to the Depths.
 27787 | Orc:1    | Entered Level 1 of the Orcish Mines
 27872 | Orc:1    | Noticed an orc warlord
 27885 | Orc:1    | Reached skill level 11 in Spellcasting
 27888 | Orc:1    | Killed an orc warlord
 27889 | Orc:1    | Reached skill level 10 in Invocations
 28282 | Orc:2    | Entered Level 2 of the Orcish Mines
 28324 | Orc:2    | Found a frozen archway.
 28377 | IceCv    | Entered an ice cave
 28648 | IceCv    | Reached skill level 10 in Fighting
 29045 | IceCv    | Found a viscous altar of Jiyva.
 29045 | IceCv    | Noticed an azure jelly
 29054 | IceCv    | Killed an azure jelly
 29055 | IceCv    | Reached XP level 16. HP: 116/122 MP: 19/31
 29074 | IceCv    | Identified the ring "Zarheut" {Fly Int+6}
 29314 | Orc:2    | Noticed Jorgrun
 29915 | Orc:2    | Killed Jorgrun
 30961 | Orc:2    | Found Udwevyet's Antique Armour Boutique.
 30961 | Orc:2    | Found Jolaono's General Store.
 30962 | Orc:2    | Found Sujuiw's Book Shoppe.
 31009 | Orc:2    | Found Xarhepu's Jewellery Shop.
 31115 | Orc:2    | Noticed Erolcha
 31134 | Orc:2    | Killed Erolcha
 31330 | Orc:2    | Found a staircase to the Elven Halls.
 31666 | Orc:2    | Bought a warped plate armour for 952 gold pieces
 31666 | Orc:2    | Identified the +9 plate armour of the Lizard {rElec rF+}
                  | (You bought it in a shop on level 2 of the Orcish Mines)
 31827 | Swamp:1  | Entered Level 1 of the Swamp
 31945 | Swamp:1  | Noticed Frances
 31955 | Swamp:1  | Killed Frances
 33384 | Swamp:2  | Reached skill level 12 in Spellcasting
 35249 | Swamp:4  | Entered Level 4 of the Swamp
 35476 | Swamp:4  | Reached XP level 17. HP: 80/129 MP: 4/33
 35732 | Swamp:4  | Gained mutation: You have an absolutely massive brain. (Int
                  | +6, Wiz) [demonic ancestry]
 35732 | Swamp:4  | Reached XP level 18. HP: 140/140 MP: 26/34
 36264 | Swamp:4  | Noticed Mlioglotl
 36277 | Swamp:4  | Killed Mlioglotl
 36278 | Swamp:4  | Reached skill level 10 in Short Blades
 36588 | Swamp:4  | Got a decaying rune of Zot
 37624 | Spider:1 | Entered Level 1 of the Spider Nest
 38568 | Spider:1 | Noticed Kirke
 38579 | Spider:1 | Killed Kirke
 38916 | Spider:2 | Reached skill level 13 in Spellcasting
 40469 | Spider:3 | Reached skill level 10 in Conjurations
 40982 | Spider:3 | Noticed Arachne
 40997 | Spider:3 | Killed Arachne
 41416 | Spider:3 | Noticed Agnes
 41419 | Spider:3 | Killed Agnes
 41780 | Spider:3 | Reached skill level 5 in Evocations
 42325 | Spider:4 | Entered Level 4 of the Spider Nest
 43122 | Spider:4 | Identified Roxanne's Grimoire of Earth
 43122 | Spider:4 | Noticed Roxanne
 43144 | Spider:4 | Gained mutation: You are completely covered in sharp
                  | spines. [demonic ancestry]
 43144 | Spider:4 | Reached XP level 19. HP: 83/147 MP: 26/36
 43145 | Spider:4 | Killed Roxanne
 43294 | Spider:4 | Learned a level 6 spell: Statue Form
 44109 | Spider:4 | Got a gossamer rune of Zot
 44415 | Elf:1    | Entered Level 1 of the Elven Halls
 44455 | Elf:1    | Found a radiant altar of Vehumet.
 44929 | Elf:1    | Paralysed by an orc sorcerer for 4 turns
 44980 | Elf:1    | Identified the +4 rapier "Plog" {freeze, rF+ Str+4}
 45001 | Elf:1    | Learned a level 9 spell: Chain Lightning
 45396 | Elf:1    | Identified the +0 leather armour "Loguad" {rF++ rN++ Int-3}
 45594 | Elf:1    | Reached skill level 14 in Spellcasting
 45765 | Elf:2    | Found a runed translucent gate.
 45767 | Elf:2    | Found a runed translucent gate.
 45771 | Elf:2    | Found a runed translucent gate.
 46741 | Elf:3    | Entered Level 3 of the Elven Halls
 46849 | Elf:3    | Found a runed translucent door.
 46849 | Elf:3    | Noticed Olga's ghost (adept HOFi)
 47580 | Elf:3    | Identified the +9 great mace of Glory {venom, rF+ Will+
                  | Str+6 Stlth+}
 47880 | Elf:3    | Found Mulou's Book Boutique.
 47888 | Elf:3    | Bought a book of the Sky for 748 gold pieces
 47897 | Elf:3    | Learned a level 8 spell: Maxwell's Capacitive Coupling
 47905 | Elf:3    | Learned a level 7 spell: Storm Form
 48209 | Elf:3    | Killed Olga's ghost
 48217 | Elf:3    | Got the Handbook of Clay
 48511 | Vaults:1 | Entered Level 1 of the Vaults
 48526 | Vaults:1 | Reached skill level 10 in Armour
 48973 | Vaults:1 | Gained mutation: Spells you cast may paralyse adjacent
                  | enemies. [demonic ancestry]
 48973 | Vaults:1 | Reached XP level 20. HP: 151/156 MP: 38/38
 49269 | Vaults:1 | Reached skill level 10 in Dodging
 49274 | Vaults:1 | Reached skill level 5 in Stealth
 49563 | Vaults:1 | Noticed Zenata
 49573 | Vaults:1 | HP: 6/156 [poisoned by a +2 glaive of venom]
 49579 | Vaults:1 | Mangled by a +2 glaive of venom

Illustrated notes

Levels and vault maps discovered:
D:1:      amcnicky_arrival_single_pillar, layout_rooms,
          dreamdust_ecumenical_altar_sealed_demon
D:2:      layout_basic, basic_altar, serial_shops, nicolae_shop_statue_plus
D:3:      cheibrodos_pilgrimage, layout_basic, grunt_temple_overflow_holy_war,
          old_standard_altar
D:4:      minmay_goblin_kobold_castle, layout_gridville
D:5:      layout_layer_cave, st_stairs_13, minmay_door_square, uniq_pikel
D:6:      cheibrodos_fertilizer, layout_basic,
          mainiacjoe_overflow_surrounded_room, temple_hall, uniq_duvessa
D:7:      layout_basic, mainiacjoe_overflow_big_doors, nicolae_overflow_squiral
D:8:      layout_basic, enter_ossuary_2
D:9:      layout_roguey, uniq_maurice
D:10:     layout_irregular_city, orc_0_dummy
D:11:     layout_cave_pools, lair_entry_dummy, gammafunk_ghost_abyssal_escape
D:12:     layout_stronghold
D:13:     nicolae_BIG_FREAKIN_CUBE, layout_rooms
D:14:     layout_basic, hangedman_vaults_entry_quadrant_bands,
          nicolae_trove_entry_crystal
D:15:     grunt_enter_depths_magical_seal, layout_gridville,
          minmay_misc_feat_ornament, minmay_statue_crystal_thing, uniq_josephine
Temple:   minmay_temple_curvy_branch
Lair:1:   layout_big_grid, gammafunk_ghost_arena
Lair:2:   layout_hall_layers, chequers_serial_rivers_small_a,
          chequers_serial_rivers_room_b, chequers_serial_rivers_micro_e,
          roderic_batcave, chequers_serial_rivers_marsh, grunt_megastairs_5,
          lemuel_fruit_tree, uniq_maggie
Lair:3:   layout_regular_city, nicolae_swamp_entry_splash_gauntlet,
          hellmonk_spider_entry_life_and_decay, serial_bayou_shore_a
Lair:4:   layout_hall_layers, basic_altar
Lair:5:   layout_regular_city, slime_dummy, hellmonk_ghost_happy_afterlife,
          kennysheep_catoblepas_arena
Lair:6:   hangedman_lair_tendril_chambers, layout_cave_shapes,
          hangedman_lair_caniforms_friends
Swamp:1:  layout_falls_marsh, evilmike_swamp_ruin_rubble_2, uniq_frances
Swamp:2:  layout_basic_swamp, evilmike_swamp_ruin_house_4,
          infiniplex_staircase_pool
Swamp:3:  layout_basic_swamp, nicolae_swamp_orc_logging_accident
Swamp:4:  swamp, layout_basic_swamp, swamp_pool3, uniq_mlioglotl
Spider:1: layout_spider_delve, nicolae_spider_rock_and_or_roll,
          hangedman_spider_tarantella_strand, uniq_kirke
Spider:2: layout_spider_delve, nicolae_spider_swamp_cousins
Spider:3: layout_spider_delve, uniq_agnes, uniq_arachne
Spider:4: grunt_spider_rune_island, uniq_roxanne
Orc:1:    orc_temple, layout_caves
Orc:2:    st_orc_rangers, layout_diamond_mine,
          portal_ice_cave_entry_ice_simulacra, uniq_erolcha, uniq_jorgrun
Elf:1:    eino_elf_arrival_altar, layout_geoelf_grid, hangedman_elf_disciples
Elf:2:    elven_hall_of_blades_hangedman_original
          [nicolae_vaults_blade_armed_guards], layout_geoelf_grid
Elf:3:    minmay_elf_hall_furrowed, layout_gridlike, hellmonk_ghost_big_iron,
          serial_shops, shop, minmay_checkered_concentric_circles
Vaults:1: v_misc_18, v_misc_25, nicolae_vaults_minivaults,
          ontoclasm_vaults_pinch, nicolae_vaults_alarming, vaults_room_grid,
          nicolae_vaults_network_s, v_misc_16, v_misc_14, v_alt_pattern_2,
          v_pattern_1, vaults_standard_mumra_x, layout_vaults_omnicross,
          serial_shops, nicolae_shop_statue_plus, uniq_saint_roka, uniq_zenata

Skill      XL: |  1  2  3  4  5  6  7  8  9 10 11 12 13 14 15 16 17 18 19 20 |
---------------+-------------------------------------------------------------+-----
Air Magic      | 3 4 5 6 7 8 9 10 11 12 13 | 13.8
Stealth        | 2 3 4 5 |  5.2
Fighting       | 1 2 3 4 5 6 7 8 9 10 11 12 13 | 13.1
Dodging        | 2 3 4 5 6 7 8 9 10 | 10.0
Spellcasting   | 3 4 5 6 7 8 9 10 11 12 13 14 | 14.7
Conjurations   | 2 3 4 5 6 7 8 9 10 | 10.9
Staves         | 1 2 3 5 6 |  6.0
Invocations    | 2 4 5 6 8 9 10 11 12 | 12.1
Armour         | 1 2 3 4 6 7 8 9 10 | 10.1
Transmutations | 1 2 3 4 5 6 7 8 |  8.8
Short Blades   | 1 4 6 8 9 10 | 10.9
Throwing       | 1 |  1.2
Evocations     | 1 3 4 5 6 |  6.3
Unarmed Combat | |  0.2
Earth Magic    | |  0.9

Action                   |  1- 3 |  4- 6 |  7- 9 | 10-12 | 13-15 | 16-18 | 19-21 || total
-------------------------+-------+-------+-------+-------+-------+-------+-------++-------
Melee: Short sword       |    32 |     4 |       |       |       |       |       ||    36
       Kick              |     3 |     7 |    32 |   105 |   481 |   365 |   202 ||  1195
       Quarterstaff      |       |    49 |   177 |    54 |       |       |       ||   280
       Pair of quick bla |       |       |       |   243 |   958 |   747 |   375 ||  2323
       Unarmed           |       |       |       |       |       |       |     5 ||     5
Throw: Dart              |       |       |       |    11 |     3 |    37 |     3 ||    54
       Boomerang         |       |       |       |       |     7 |       |       ||     7
 Cast: Shock             |    71 |    69 |   206 |    11 |       |       |       ||   357
       Static Discharge  |       |     1 |       |       |       |       |       ||     1
       Airstrike         |       |       |     2 |    51 |   101 |   402 |   131 ||   687
       Irradiate         |       |       |       |       |       |    14 |     2 ||    16
       Statue Form       |       |       |       |       |       |       |    23 ||    23
       Storm Form        |       |       |       |       |       |       |     4 ||     4
Invok: Slouch            |       |       |       |       |     9 |    10 |     4 ||    23
       Bend Time         |       |       |       |       |       |       |     1 ||     1
       Step From Time    |       |       |       |       |       |       |     1 ||     1
 Abil: Blinkbolt         |       |       |       |       |       |       |     2 ||     2
       End Transformatio |       |       |       |       |       |       |     1 ||     1
Evoke: Phantom mirror    |       |       |       |       |     1 |     2 |     1 ||     4
       Lightning rod     |       |       |       |       |       |     4 |       ||     4
       Wand              |       |       |       |       |       |       |     1 ||     1
  Use: Scroll            |       |       |    15 |     6 |    12 |    12 |     6 ||    51
       Potion            |       |       |     1 |     1 |       |     6 |     2 ||    10
 Stab: Sleeping          |       |     3 |     2 |     1 |       |     3 |     5 ||    14
       Petrified         |       |       |       |       |     4 |       |       ||     4
       Petrifying        |       |       |       |       |     3 |       |       ||     3
       Confused          |       |       |       |       |     1 |       |       ||     1
       Paralysed         |       |       |       |       |       |       |     1 ||     1
Armor: Robe              |     2 |     2 |     5 |       |       |       |       ||     9
       Scale mail        |       |       |    20 |    15 |       |       |       ||    35
       Troll leather arm |       |       |       |    18 |       |       |       ||    18
       Acid dragon scale |       |       |       |     4 |       |       |       ||     4
       Plate armour      |       |       |       |    82 |    26 |    43 |    72 ||   223
       Crystal plate arm |       |       |       |    52 |   356 |   101 |       ||   509
       Swamp dragon scal |       |       |       |       |       |   124 |    17 ||   141
       Skin              |       |       |       |       |       |       |    62 ||    62
Dodge: Dodged            |    34 |    32 |   128 |   143 |   328 |   554 |   372 ||  1591

Table legend: (Time is in decaauts)
 A = Elapsed time spent in this place.
 B = Non-inter-level travel time spent in this place.
 C = Inter-level travel time spent in this place.
 D = Time resting spent in this place.
 E = Time spent auto-exploring this place.
 F = Levels seen in this place.
 G = Mean time per level.
                   A        B        C        D        E       F      G
               +--------+--------+--------+--------+--------+-----+--------+
         Total |  67457 |  62011 |   5446 |   4468 |  49094 |  38 | 1775.2 |
       Dungeon |  25359 |  22629 |   2730 |   1211 |  18639 |  15 | 1690.6 |
        Temple |    296 |    248 |     48 |      0 |    244 |   1 |  296.0 |
          Lair |  12339 |  11062 |   1277 |    814 |   8979 |   6 | 2056.5 |
         Swamp |   7440 |   7253 |    187 |    866 |   5625 |   4 | 1860.0 |
   Spider Nest |   8941 |   8460 |    481 |    473 |   6983 |   4 | 2235.2 |
  Orcish Mines |   4564 |   4124 |    440 |    250 |   2903 |   2 | 2282.0 |
   Elven Halls |   6211 |   5930 |    281 |    200 |   4844 |   3 | 2070.3 |
        Vaults |   1075 |   1075 |      0 |    317 |    548 |   1 | 1075.0 |
       Ossuary |    210 |    210 |      0 |      0 |    121 |   1 |  210.0 |
      Ice Cave |   1017 |   1017 |      0 |    337 |    206 |   1 | 1017.0 |
               +--------+--------+--------+--------+--------+-----+--------+

Top non-repeatable levels by time:
   Orc:2: 3152 daAuts
  Lair:6: 2883 daAuts
Spider:3: 2848 daAuts
    D:14: 2832 daAuts
  Lair:3: 2527 daAuts
 Swamp:4: 2502 daAuts
Spider:4: 2377 daAuts
  Lair:5: 2298 daAuts
   Elf:3: 2291 daAuts
   Elf:1: 2148 daAuts
     D:4: 2138 daAuts
    D:15: 2109 daAuts
Spider:2: 2078 daAuts
    D:12: 2038 daAuts
 Swamp:3: 1941 daAuts
